 Dungeon Crawl Stone Soup version 0.31.0-11-ge490571c62 (webtiles) character file.

Game seed: 18079939946349677957

501 qw the Skirmisher (level 6, -2/35 HPs)
             Began as a Deep Elf Hunter on Feb 4, 2024.
             Slain by a phantom (4 damage)
             ... on level 4 of the Dungeon.
             The game lasted 00:00:40 (2665 turns).

qw the Skirmisher (Deep Elf Hunter)                 Turns: 2665, Time: 00:00:41

Health: -2/35      AC:  5    Str: 10    XL:     6   Next: 95%
Magic:  8/8        EV: 11    Int: 14    God:
Gold:   130        SH:  5    Dex: 18    Spells: 5/5 levels left

rFire   . . .        a - +0 shortbow
rCold   . . .        (shield currently unavailable)
rNeg    . . .        d - +0 ring mail
rPois   .            (no helmet)
rElec   .            (no cloak)
rCorr   +            (no gloves)
SInv    +            (no boots)
Will    .....        k - amulet of reflection
Stlth   +            b - ring of resist corrosion
HPRegen 0.25/turn    g - ring of see invisible
MPRegen 0.11/turn

%: reflection
@: about to teleport
A: no striking features
a: no special abilities


You were on level 4 of the Dungeon.
You visited 1 branch of the dungeon, and saw 4 of its levels.

You collected 130 gold pieces.


   Skills:
 - Level 2.0 Fighting
 + Level 10.6 Ranged Weapons
 - Level 3.0 Dodging
 - Level 1.2 Stealth


You had 5 spell levels left.
You didn't know any spells.
Your spell library was empty.

Inventory:

Hand Weapons
 a - a +0 shortbow (weapon)
Armour
 d - a +0 ring mail (worn)
 j - the +3 leather armour of Patience {rF+ rN++ Will+}
   (You found it on level 4 of the Dungeon)

   rF+:       It protects you from fire.
   rN++:      It greatly protects you from negative energy.
   Will+:     It increases your willpower.
Jewellery
 b - a ring of resist corrosion (left hand)
 g - a ring of see invisible (right hand)
 k - an amulet of reflection (around neck)
 l - the ring of Life {^Contam rF+ rC+ Str+4 Slay+4}
   (You found it on level 4 of the Dungeon)

   [ring of slaying]

   Str+4:     It affects your strength (+4).
   Slay+4:    It affects your accuracy & damage with ranged weapons and melee
   (+4).
   rF+:       It protects you from fire.
   rC+:       It protects you from cold.
   ^Contam:   It causes magical contamination when unequipped.
Scrolls
 c - a scroll of teleportation
 f - a scroll of blinking {unknown}
Potions
 e - 3 potions of curing
 h - 2 potions of mutation {unknown}
 i - a potion of lignification {unknown}

Dungeon Overview and Level Annotations

Branches:
Dungeon (4/15)
 Temple: D:4-7

Altars:
Elyvilon

Shops:
D:3 =

Annotations:
D:4 1 runed translucent door, Crazy Yiuf


Message History

You open the door.
A ball python comes into view.
You shoot an arrow. The arrow hits the ball python!
You kill the ball python!
There is an open door here.
You open the door.
There is an open door here.
You open the door.
A phantom, a kobold and a goblin come into view.
The kobold shouts!
The goblin shouts!
The goblin unwields a +0 dagger.
The goblin wields a +1 sling of electrocution.
You hear the crackle of electricity.
The goblin shoots a sling bullet.
The sling bullet hits you!
Found 11 gold pieces.
2654 ||| FLEEEEING.
2655 ||| FLEEEEING.
2656 ||| FLEEEEING.
There is an open door here.
2657 ||| FLEEEEING.
2658 ||| FLEEEEING.
2659 ||| FLEEEEING.
2660 ||| FLEEEEING.
2661 ||| FLEEEEING.
2662 ||| FLEEEEING.
A bombardier beetle comes into view.
There is an open door here.
You shoot an arrow. The arrow closely misses the phantom.
The goblin shoots a sling bullet.
The sling bullet hits you.
You shoot an arrow. The arrow hits the phantom.
The phantom is lightly damaged.
The phantom hits you but does no damage.
The goblin shoots a sling bullet.
The sling bullet hits you.
You are electrocuted!!
Ouch! That really hurt!
2665 ||| READING 2 scrolls of teleportation.
As you read the scroll of teleportation, it crumbles to dust.
You feel strangely unstable. The phantom hits you.
You die...

..###.....###...'...##...........
...####'######..#..## .... ##.
.%..#.)...#.###.#.#####.... #.
....#.....#..####.##...... ..
#...'.?...'...###.#.......
##..#.....#g...##.......).
##.#.....#.....#....B}...
#####'####...K#..)...... ..g.
##..W@......... ##....
##..#........) ##....
##.#.......#. ##...$ ###.........
#g... #..#.#..## ##+## ..####..#
..# .. ###


You could see a phantom, a bombardier beetle, a goblin and a kobold.

Vanquished Creatures
  A black bear (D:4)
  An ogre (D:3)
  A phantom (D:4)
  A hound (D:4)
  2 jellies (D:4)
  4 gnolls (D:2)
  3 adders
  6 dart slugs
  A ribbon worm (D:4)
  5 orcs
  6 endoplasms
  6 giant cockroaches
  8 goblins
  7 hobgoblins
  3 jackals (D:4)
  5 quokkas
  7 ball pythons
  5 bats
  A frilled lizard (D:2)
  4 kobolds
  9 rats
86 creatures vanquished.

Notes
Turn   | Place    | Note
-------+----------+-------------------------------------------
     0 | D:1      | qw the Deep Elf Hunter began the quest for the Orb.
     0 | D:1      | Reached XP level 1. HP: 12/12 MP: 3/3
     0 | D:1      | 0 ||| qw: Version: 0.3-a-160-g6735b56
     0 | D:1      | 0 ||| qw: Game counter: 5935
     0 | D:1      | 0 ||| qw: Melee chars always use a shield: true
     0 | D:1      | 0 ||| qw: God list: Okawaru
     0 | D:1      | 0 ||| qw: Allow faded altars: false
     0 | D:1      | 0 ||| qw: Do Orc after clearing Dungeon:15 true
     0 | D:1      | 0 ||| qw: Do second Lair branch before Depths: true
     0 | D:1      | 0 ||| qw: Lair rune preference: random
     0 | D:1      | 0 ||| qw: Goals: Normal
     0 | D:1      | 0 ||| PLANNING D:1-11
    88 | D:1      | Reached XP level 2. HP: 16/16 MP: 4/4
   105 | D:1      | Reached skill level 6 in Ranged Weapons
   764 | D:1      | 764 ||| UPGRADING to +0 ring mail.
   774 | D:1      | 774 ||| DROPPING +0 leather armour.
   775 | D:1      | 775 ||| UPGRADING to amulet of reflection.
   780 | D:1      | 780 ||| READING 5 scrolls labelled KONOER OPI.
   780 | D:1      | 780 ||| IDENTIFYING brown potion
   781 | D:1      | 781 ||| READING 4 scrolls of identify.
   781 | D:1      | 781 ||| IDENTIFYING fizzy puce potion
   782 | D:1      | 782 ||| READING 3 scrolls of identify.
   782 | D:1      | 782 ||| IDENTIFYING orange potion
   783 | D:1      | 783 ||| READING 2 scrolls of identify.
   783 | D:1      | 783 ||| IDENTIFYING 2 fuming yellow potions
   784 | D:1      | 784 ||| READING scroll of identify.
   784 | D:1      | 784 ||| IDENTIFYING scroll labelled ARAXKI FOOMO
   785 | D:1      | 785 ||| DROPPING scroll of butterflies.
   786 | D:1      | 786 ||| DROPPING potion of degeneration.
   787 | D:1      | 787 ||| DROPPING potion of attraction.
   788 | D:1      | 788 ||| DROPPING scroll of revelation.
   832 | D:2      | Found a white marble altar of Elyvilon.
   904 | D:2      | Reached XP level 3. HP: 20/20 MP: 5/5
   997 | D:2      | Reached skill level 7 in Ranged Weapons
  1015 | D:2      | Reached XP level 4. HP: 22/25 MP: 6/6
  1670 | D:2      | 1670 ||| UPGRADING to ring of resist corrosion.
  1671 | D:2      | 1671 ||| READING scroll of identify.
  1671 | D:2      | 1671 ||| IDENTIFYING scroll labelled IDOBLIXAPA
  1672 | D:2      | 1672 ||| READING 2 scrolls labelled DAIPIU GEUSM.
  1676 | D:2      | 1676 ||| DROPPING scroll of immolation.
  1719 | D:3      | Noticed an ogre
  1720 | D:3      | 1720 ||| DRINKING potion of haste.
  1727 | D:3      | Killed an ogre
  1728 | D:3      | Reached skill level 8 in Ranged Weapons
  1728 | D:3      | Reached XP level 5. HP: 29/29 MP: 7/7
  1737 | D:3      | Reached skill level 9 in Ranged Weapons
  1737 | D:3      | 1737 ||| FLEEEEING.
  1738 | D:3      | 1738 ||| FLEEEEING.
  1739 | D:3      | 1739 ||| FLEEEEING.
  1740 | D:3      | 1740 ||| FLEEEEING.
  1741 | D:3      | 1741 ||| FLEEEEING.
  1742 | D:3      | 1742 ||| FLEEEEING.
  1746 | D:3      | 1746 ||| FLEEEEING.
  1747 | D:3      | 1747 ||| STAIRDANCE
  2009 | D:3      | Found Zagrax Rag's Jewellery Boutique.
  2018 | D:3      | 2018 ||| SHOPLISTING +5 ring of evasion (360 gold, have
                  | 87).
  2018 | D:3      | 2018 ||| SHOPLISTING +6 ring of dexterity (360 gold, have
                  | 87).
  2018 | D:3      | 2018 ||| SHOPLISTING amulet of faith (400 gold, have 87).
  2018 | D:3      | 2018 ||| SHOPLISTING ring of resist corrosion (200 gold,
                  | have 87).
  2018 | D:3      | 2018 ||| SHOPLISTING ring of willpower (250 gold, have 87).
  2162 | D:3      | 2162 ||| DROPPING ring of flight.
  2163 | D:3      | 2163 ||| UPGRADING to ring of see invisible.
  2164 | D:3      | 2164 ||| READING scroll labelled ZEL BOEDEDAUG.
  2179 | D:4      | 2179 ||| PLANNING OSSUARY
  2183 | D:4      | Noticed a phantom
  2194 | D:4      | Killed a phantom
  2195 | D:4      | Reached XP level 6. HP: 32/35 MP: 8/8
  2361 | D:4      | 2361 ||| RETREEEEATING.
  2362 | D:4      | 2362 ||| RETREEEEATING.
  2365 | D:4      | Reached skill level 10 in Ranged Weapons
  2529 | D:4      | Found a runed translucent door.
  2530 | D:4      | Noticed Crazy Yiuf
  2549 | D:4      | Identified the +3 leather armour of Patience {rF+ rN++
                  | Will+}
  2559 | D:4      | Reached skill level 3 in Dodging
  2611 | D:4      | Identified the ring of Life {^Contam rF+ rC+ Str+4 Slay+4}
  2654 | D:4      | 2654 ||| FLEEEEING.
  2655 | D:4      | 2655 ||| FLEEEEING.
  2656 | D:4      | 2656 ||| FLEEEEING.
  2657 | D:4      | 2657 ||| FLEEEEING.
  2658 | D:4      | 2658 ||| FLEEEEING.
  2659 | D:4      | 2659 ||| FLEEEEING.
  2660 | D:4      | 2660 ||| FLEEEEING.
  2661 | D:4      | 2661 ||| FLEEEEING.
  2662 | D:4      | 2662 ||| FLEEEEING.
  2664 | D:4      | HP: 2/35 [goblin/sling bullet (19)]
  2665 | D:4      | 2665 ||| READING 2 scrolls of teleportation.
  2665 | D:4      | Slain by a phantom

Levels and vault maps discovered:
D:1:      tarquinn_simple_flora_water_e, layout_basic,
          kennysheep_decorative_pillar, minmay_pentomino_p2
D:2:      layout_loops_corners, basic_altar, serial_bayou_ford_a
D:3:      layout_rooms, serial_shops, shop
D:4:      layout_cave_pools, serial_column_ruins, column_ruins_grid_1,
          column_ruins_open_small, column_ruins_grid_1, column_ruins_grid_1,
          column_ruins_open_medium, column_ruins_open_large,
          lightli_ossuary_entry_decrepit_ruins, minmay_quadrilaterals,
          uniq_crazy_yiuf_cottage

Skill      XL: |  1  2  3  4  5  6 |
---------------+-------------------+-----
Ranged Weapons | 6 7 8 9 10 | 10.6
Fighting       | 2 |  2.0
Dodging        | 3 |  3.0
Stealth        | |  1.2

Action                     |  1- 3 |  4- 6 || total
---------------------------+-------+-------++-------
   Fire: Shortbow          |    77 |   212 ||   289
    Use: Scroll            |     5 |     4 ||     9
         Potion            |       |     1 ||     1
 Armour: Leather armour    |     4 |       ||     4
         Ring mail         |     5 |    51 ||    56
  Dodge: Dodged            |    12 |    54 ||    66
  Block: Other             |     2 |    23 ||    25
         Reflection        |     1 |       ||     1

Table legend:
 A = Non-vault XP
 B = Vault XP
 C = Vault XP percentage of total XP
 D = Non-vault monster count
 E = Vault monster count
 F = Vault count percentage of total count
                 A         B        C        D         E       F
            +---------+---------+-------+---------+---------+-------
      Total |     622 |      95 |  13.2 |      80 |       6 |   7.0
            +---------+---------+-------+---------+---------+-------
        D:1 |      32 |       0 |   0.0 |      17 |       0 |   0.0
        D:2 |     112 |       0 |   0.0 |      27 |       0 |   0.0
        D:3 |     163 |       0 |   0.0 |      20 |       0 |   0.0
        D:4 |     315 |      95 |  23.2 |      16 |       6 |  27.3
            +---------+---------+-------+---------+---------+-------
